 Dungeon Crawl Stone Soup version 0.30-a0-424-g7412bad402 (webtiles) character file.

Game seed: 13423332633267114972

441 vineage the Trooper (level 7, -3/74 (78) HPs)
             Began as an Ogre Fighter on Dec 9, 2022.
             Slain by Edmund
             ... wielding a +1 flail of protection
              (6 damage)
             ... on level 4 of the Dungeon.
             The game lasted 00:04:22 (4055 turns).

vineage the Trooper (Ogre Fighter)                  Turns: 4055, Time: 00:04:23

HP:   -3/74 (78)    AC:  5    Str: 21    XL:     7   Next: 2%
MP:   7/7           EV:  9    Int:  9    God:
Gold: 142           SH:  7    Dex:  8    Spells: 6/6 levels left

rFire   + . .      SeeInvis .    a - +0 flail
rCold   + . .      Faith    .    c - +0 kite shield
rNeg    . . .      Spirit   .    b - +1 robe
rPois   +          Reflect  .    (helmet restricted)
rElec   +          Harm     .    l - +0 cloak
rCorr   +          Rampage  .    (gloves unavailable)
Will    .....                    (boots unavailable)
Stlth   +.........               (no amulet)
HPRegen 0.32/turn                e - ring of flight
MPRegen 0.10/turn                (no ring)

@: resistant (expiring), flying, drained
A: large, unfitting armour, tough skin 1, weak 1
a: no special abilities


You were on level 4 of the Dungeon.
You visited 1 branch of the dungeon, and saw 4 of its levels.
You also visited: Sewer.

You collected 142 gold pieces.

Inventory:

Hand Weapons
 a - a +0 flail (weapon)
Armour
 b - a +1 robe (worn)
 c - a +0 kite shield (worn)
 l - a +0 cloak (worn)
Jewellery
 e - a ring of flight (left hand)
 h - an amulet of guardian spirit
Scrolls
 p - a scroll of identify
Potions
 d - a potion of attraction
 f - a potion of mutation
 g - 2 potions of resistance
 j - a potion of invisibility {unknown}
 k - a potion of brilliance {unknown}
 m - 4 potions of magic {unknown}
 n - a potion of haste {unknown}
 o - a potion of heal wounds {unknown}


   Skills:
 * Level 7.0 Fighting
 * Level 4.4 Maces & Flails
 + Level 3.9 Dodging
 - Level 3.0 Shields


You had 6 spell levels left.
You didn't know any spells.
Your spell library contained the following spells:

 Spells                   Type           Power      Damage    Failure   Level
 Sandblast                Erth           0%         2d4       67%         1
 Passwall                 Tmut/Erth      0%         N/A       82%         2
 Stone Arrow              Conj/Erth      0%         3d7       96%         3


Dungeon Overview and Level Annotations

Branches:
Dungeon (4/15)              Sewer (visited)
 Temple: D:4-7

Altars:
Ashenzari
Fedhas
Kikubaaqudgha
Qazlal
Wu Jian

Annotations:
D:4 Edmund


Innate Abilities, Weirdness & Mutations

You are too large for most types of armour.
You have tough skin. (AC +1)
You are weak. (Str -2)


Message History

You hit Edmund.
Edmund is heavily wounded.
Edmund hits you with a +1 flail of protection.
* * * LOW HITPOINT WARNING * * *
You hit Edmund.
Edmund is severely wounded.
Edmund hits you but does no damage.
Edmund hits you with a +1 flail of protection.
* * * LOW HITPOINT WARNING * * *
You completely miss Edmund.
Edmund is severely wounded.
Edmund completely misses you.
You barely miss Edmund.
Edmund is severely wounded.
Edmund says, "I might not be good at magic, but I can still kill you!"
You block Edmund's attack.
You hit Edmund.
Edmund is severely wounded.
Edmund hits you but does no damage. x2
You barely miss Edmund.
Edmund is severely wounded.
Edmund hits you with a +1 flail of protection.
* * * LOW HITPOINT WARNING * * *
You hit Edmund.
Edmund is almost dead.
Edmund hits you with a +1 flail of protection.
* * * LOW HITPOINT WARNING * * *
You hit Edmund.
Edmund is almost dead.
You feel less wooden.
Your +0 cloak unmelds from your body.
Your +1 robe unmelds from your body.
Edmund hits you with a +1 flail of protection!
* * * LOW HITPOINT WARNING * * *
You block Edmund's attack.
You hit Edmund.
Edmund is almost dead.
You start to feel less resistant.
Edmund says, "I might not be good at magic, but I can still kill you!"
Edmund hits you with a +1 flail of protection.
You die...

.#..#.# #..##'#####.##.§.≈≈≈≈§§§.
.#..#.# #...#...........)≈§§§≈§§.
....#.# #.#.#######.##...§≈≈§≈§..
#...#.# ..#.#........#.....≈§....
#.#.#.#.###.#.#####..#......≈..§.
#.#.#.#. .# #...........###
#.#.#.# #..†.#.##.#.# ....#.#
#.#######....#.##...# .# ##
#..(..@@.....#.###### ##
##########.#..#.# #
...........#..#.# #
#..........#..#.# #
#..........#..# # #.......##.# ##
#..........# #.......####
#........


You could see Edmund.

Vanquished Creatures
  3 kobold brigands (Sewer)
  An iguana (D:3)
  An orc wizard (D:4)
  6 adders
  A gnoll (D:1)
  A worm (D:2)
  2 dart slugs (D:1)
  4 orcs
  6 bats
  11 endoplasms
  5 giant cockroaches
  10 goblins
  5 hobgoblins
  3 jackals (D:2)
  3 quokkas
  10 ball pythons
  A frilled lizard (D:1)
  16 kobolds
  13 rats
102 creatures vanquished.

Notes
Turn   | Place    | Note
-------+----------+-------------------------------------------
     0 | D:1      | vineage the Ogre Fighter began the quest for the Orb.
     0 | D:1      | Reached XP level 1. HP: 24/24 MP: 1/1
    93 | D:1      | Reached XP level 2. HP: 31/32 MP: 2/2
   254 | D:1      | Reached XP level 3. HP: 40/40 MP: 3/3
   541 | D:2      | Reached skill level 5 in Fighting
   732 | D:2      | Reached XP level 4. HP: 44/50 MP: 4/4
  1164 | D:2      | Found an ornate altar of the Wu Jian Council.
  1568 | D:3      | Found a blossoming altar of Fedhas.
  2215 | D:3      | Reached XP level 5. HP: 17/59 MP: 5/5
  2727 | D:4      | Found an ancient bone altar of Kikubaaqudgha.
  2764 | D:4      | Found a broken altar of Ashenzari.
  2834 | D:4      | Found a glowing drain.
  2973 | Sewer    | Entered a sewer
  2992 | Sewer    | Noticed a kobold brigand
  2992 | Sewer    | Noticed a kobold brigand
  3015 | Sewer    | Killed a kobold brigand
  3016 | Sewer    | Reached skill level 6 in Fighting
  3016 | Sewer    | Reached XP level 6. HP: 45/67 MP: 6/6
  3032 | Sewer    | HP: 2/67 [kobold brigand/+0 dagger (5)]
  3875 | D:4      | Found a stormy altar of Qazlal.
  3900 | D:4      | Reached skill level 7 in Fighting
  3900 | D:4      | Reached XP level 7. HP: 45/73 MP: 7/7
  4007 | D:4      | Noticed Edmund
  4029 | D:4      | Gained mutation: You are weak. (Str -2) [potion of
                  | mutation]
  4029 | D:4      | Gained mutation: You are frail. (-10% HP) [potion of
                  | mutation]
  4029 | D:4      | Lost mutation: You are frail. (-10% HP) [potion of
                  | mutation]
  4054 | D:4      | HP: 2/74 [Edmund/+1 flail of protection (9)]
  4055 | D:4      | Slain by Edmund

Illustrated notes

Levels and vault maps discovered:
D:1:      dpeg_arrival_stonehenge_8_columns, layout_rooms
D:2:      minmay_diamond_boxcup, layout_basic, basic_altar,
          minmay_misc_feat_rows, chequers_serial_rivers_micro_d,
          serial_park_tiny_pond, hangedman_decor_diamond_cutter
D:3:      layout_loops_ring, lemuel_round_altar, minmay_vboxes
D:4:      layout_basic, lemuel_zombie_altar_yredelemnul,
          nicolae_ashenzari_panopticon, nicolae_kikubaaqudgha_miasma_corner,
          nicolae_qazlal_general_emergency, portal_sewer_entry_a, uniq_natasha,
          uniq_edmund, uniq_crazy_yiuf_cottage

Skill      XL: |  1  2  3  4  5  6 |
---------------+-------------------+-----
Maces & Flails | 2 3 4 |  4.4
Dodging        | 3 |  3.9
Fighting       | 5 6 7 |  7.0
Shields        | |  3.0

Action                   |  1- 3 |  4- 6 |  7- 9 || total
-------------------------+-------+-------+-------++-------
Melee: Flail             |    91 |   247 |    37 ||   375
  Use: Scroll            |     2 |     6 |       ||     8
       Potion            |       |     5 |     3 ||     8
Armor: Robe              |    30 |    87 |     3 ||   120
       Skin              |       |       |     9 ||     9
Dodge: Dodged            |    29 |   109 |    11 ||   149
Block: Kite shield       |    29 |   112 |    15 ||   156

Table legend: (Time is in decaauts)
 A = Elapsed time spent in this place.
 B = Non-inter-level travel time spent in this place.
 C = Inter-level travel time spent in this place.
 D = Time resting spent in this place.
 E = Time spent auto-exploring this place.
 F = Levels seen in this place.
 G = Mean time per level.
                   A        B        C        D        E       F      G
               +--------+--------+--------+--------+--------+-----+--------+
         Total |   4194 |   4068 |    126 |    942 |   2250 |   5 |  838.8 |
       Dungeon |   3374 |   3248 |    126 |    638 |   1961 |   4 |  843.5 |
         Sewer |    820 |    820 |      0 |    304 |    289 |   1 |  820.0 |
               +--------+--------+--------+--------+--------+-----+--------+

Top non-repeatable levels by time:
     D:3: 1288 daAuts
     D:2: 940 daAuts
   Sewer: 820 daAuts
     D:4: 585 daAuts
     D:1: 560 daAuts
